 Dungeon Sprint DCSS version 0.26-a0-1086-g9010512d90 (webtiles) character file.

Game seed: 15900710794392930379

21503 sahdkjhfkaj the Severer (level 12, -3/146 HPs)
             Began as an Ogre Fighter on Dec 14, 2020.
             Was the Champion of the Shining One.
             Slain by an emperor scorpion (12 damage)
             ... in the Dungeon (Sprint IX: "|||||||||||||||||||||||||||||").
             The game lasted 00:07:21 (5998 turns).

sahdkjhfkaj the Severer (Ogre Fighter)              Turns: 5998, Time: 00:07:22

Health: -3/146     AC:  7    Str: 27    XL:     12   Next: 90%
Magic:  21/21      EV: 15    Int:  9    God:    the Shining One [******]
Gold:   1421       SH: 11    Dex:  8    Spells: 11/11 levels left

rFire    . . .     SeeInvis .   a - +1 broad axe (freeze)
rCold    . . .     Faith    .   c - +0 kite shield
rNeg     + + +     Spirit   .   t - +2 robe {Will+}
rPois    .         Reflect  .   (helmet restricted)
rElec    .         Harm     .   n - +0 cloak
rCorr    .         Rampage  .   (gloves unavailable)
Will     ++...     NoTele   +   (boots unavailable)
Stlth    +.........             (no amulet)
HPRegen  0.34/turn              m - +2 ring of protection
MPRegen  0.17/turn              o - +2 ring of protection

@: corroded, glowing
A: large, unfitting armour, tough skin 1
a: Divine Shield, Cleansing Flame, Summon Divine Warrior, Brand Weapon With Holy
Wrath, Renounce Religion


You were in the Dungeon.
You worshipped the Shining One.
The Shining One was exalted by your worship.
You visited 1 branch You collected 1502 gold pieces.
You spent 81 gold pieces at shops.

Inventory:

Hand Weapons
 a - a +1 broad axe of freezing (weapon)
   (You found it in the Dungeon)
 b - a +2 dire flail of holy wrath
   (You found it in the Dungeon)
Armour
 c - a +0 kite shield (worn)
 n - a +0 cloak (worn)
   (You found it in the Dungeon)
 t - a +2 robe of willpower (worn)
   (You bought it in a shop in the Dungeon)
Jewellery
 d - an uncursed ring of willpower
   (You found it in the Dungeon)
 m - a +2 ring of protection (left hand)
   (You found it in the Dungeon)
 o - a +2 ring of protection (right hand)
   (You found it in the Dungeon)
 u - an uncursed ring of willpower
   (You found it in the Dungeon)
 z - an uncursed ring of see invisible
   (You found it in the Dungeon)
Scrolls
 i - 4 scrolls of remove curse {@r2}
 j - 3 scrolls of blinking
 k - 2 scrolls of amnesia
 q - 2 scrolls of identify {@r1}
 r - a scroll of enchant armour
 s - 3 scrolls of fog
 w - a scroll of fear
Potions
 e - 4 potions of curing {@q1}
 f - a potion of resistance
 g - 6 potions of haste {@q3}
 h - 4 potions of magic
 l - a potion of might
 p - 6 potions of heal wounds {@q2}
 v - a potion of berserk rage


   Skills:
 + Level 16.9 Fighting
 * Level 17.9 Axes
 + Level 11.3 Armour
 + Level 12.6 Dodging
 - Level 9.0 Shields
 + Level 12.7 Invocations


You had 11 spell levels left.
You didn't know any spells.
Your spell library was empty.

Dungeon Overview and Level Annotations

Branches:
Dungeon (1/1)

Altars:
Cheibriados
Dithmenos
Elyvilon
Fedhas
Gozag
Hepliaklqana
Kikubaaqudgha
Makhleb
Nemelex Xobeh
Okawaru
Qazlal
Ru
Sif Muna
Trog
Uskayaw
Vehumet
Wu Jian
Xom
Yredelemnul
Zin
The Shining One
Beogh
Jiyva
Lugonu

Shops:
D [[=(


Innate Abilities, Weirdness & Mutations

You are too large for most types of armour.
You have tough skin. (AC +1)


Message History

You block the entropy weaver's attack.
You slash the entropy weaver! You freeze the entropy weaver.
You kill the entropy weaver!
You hit the emperor scorpion. You freeze the emperor scorpion.
The emperor scorpion stings you!
You block the emperor scorpion's attack. x2
You hit the emperor scorpion but do no damage.
The emperor scorpion stings you.
You are poisoned.
The emperor scorpion poisons you! The emperor scorpion barely misses you.
The emperor scorpion claws you.
You hit the emperor scorpion but do no damage.
You feel very sick.
You slash the emperor scorpion! You freeze the emperor scorpion.
You feel very sick. The emperor scorpion stings you!!
The emperor scorpion completely misses you.
The emperor scorpion claws you!
* * * LOW HITPOINT WARNING * * *
You completely miss the emperor scorpion.
You feel sick. The emperor scorpion stings you!
* * * LOW HITPOINT WARNING * * *
You block the emperor scorpion's attack.
The emperor scorpion claws you.
* * * LOW HITPOINT WARNING * * *
You barely miss the emperor scorpion.
You feel sick.
The emperor scorpion closely misses you.
The emperor scorpion misses you. The emperor scorpion claws you.
* * * LOW HITPOINT WARNING * * *
Unknown command.
You hit the emperor scorpion but do no damage.
You feel sick. The emperor scorpion stings you!!
* * * LOW HITPOINT WARNING * * *
The emperor scorpion claws you.
* * * LOW HITPOINT WARNING * * *
The emperor scorpion closely misses you.
You hit the emperor scorpion. You freeze the emperor scorpion.
* * * LOW HITPOINT WARNING * * *
You feel very sick. The emperor scorpion stings you!!
The Shining One protects you from harm!
You are more poisoned.
The emperor scorpion poisons you!
You block the emperor scorpion's attack.
The emperor scorpion claws you!
* * * LOW HITPOINT WARNING * * *
You feel better.
The emperor scorpion closely misses you. x2
The emperor scorpion claws you!
You die...

..))'........)))))...)......))[).
▓▓▓▓▓▓▓▓▓▓▓▓▓▓▓▓▓▓▓▓▓▓▓▓▓▓▓▓▓▓▓▓▓
.................................
▓▓▓▓▓▓▓▓▓▓▓▓▓▓▓▓▓▓▓▓▓▓▓▓▓▓▓▓▓▓▓▓▓
.)÷[((.......[[[[[[[[.)))))))).))
▓▓▓▓▓▓▓▓▓▓▓▓▓▓▓▓▓▓▓▓▓▓▓▓▓▓▓▓▓▓▓▓▓
........................)........
♣♣♣♣♣♣♣♣♣♣▓▓▓▓▓▓▓▓▓▓▓▓▓▓▓▓▓▓▓▓▓▓▓
+...s.s@..'†........'...
♣▓▓▓▓▓▓▓▓▓▓▓▓▓▓▓▓▓▓▓▓▓▓▓


You could see an emperor scorpion and an orb spider.

Vanquished Creatures
  An entropy weaver (D)
  A merfolk javelineer (D)
  An ettin (D)
  Erolcha (D)
  4 hydras (D)
  A great orb of eyes (D)
  A centaur warrior (D)
  A two-headed ogre (D)
  A sea snake (D)
  An orc knight (D)
  A deep elf mage (D)
  2 orc sorcerers (D)
  A cyclops (D)
  A water nymph (D)
  3 cane toads (D)
  A rime drake (D)
  A dream sheep (D)
  4 blink frogs (D)
  2 merfolk (D)
  A slime creature (D)
  2 snapping turtles (D)
  A water elemental (D)
  2 yaks (D)
  4 vampire mosquitoes (D)
  4 water moccasins (D)
  13 orc warriors (D)
  A wolf (D)
  A centaur (D)
  2 bullfrogs (D)
  2 orc priests (D)
  A hound (D)
  A jelly (D)
  4 orc wizards (D)
  4 adders (D)
  10 orcs (D)
  A hobgoblin (D)
  2 kobolds (D)
  A ball python simulacrum (D)
  A ball python skeleton (D)
  2 frilled lizards (D)
  A giant cockroach zombie (D)
  A goblin (D)
  A rat (D)
92 creatures vanquished.

Vanquished Creatures (collateral kills)
  A fire dragon (D)
  An ettin (D)
  A merfolk impaler (D)
  An ice dragon (D)
  A hydra (D)
  A boulder beetle (D)
  A deep troll earth mage (D)
  A tengu warrior (D)
  2 orc high priests (D)
  An orc knight (D)
  An orc sorcerer (D)
  An orb spider (D)
  A cyclops (D)
  A demonic crawler (D)
  3 hornets (D)
  2 redbacks (D)
  A bullfrog (D)
  5 orcs (D)
26 creatures vanquished.

Grand Total: 118 creatures vanquished

Notes
Turn   | Place    | Note
-------+----------+-------------------------------------------
     0 | D        | sahdkjhfkaj the Ogre Fighter began the quest for the Orb.
     0 | D        | Reached XP level 1. HP: 24/24 MP: 1/1
    14 | D        | Banished a spatial maelstrom
   169 | D        | Reached XP level 2. HP: 33/33 MP: 2/2
   177 | D        | Reached skill level 3 in Axes
   177 | D        | Reached skill level 1 in Armour
   182 | D        | Reached skill level 5 in Fighting
   182 | D        | Reached XP level 3. HP: 25/42 MP: 3/3
   332 | D        | Found a roughly hewn altar of Beogh.
   332 | D        | Found a snail-covered altar of Cheibriados.
   332 | D        | Found a shadowy altar of Dithmenos.
   332 | D        | Found a white marble altar of Elyvilon.
   332 | D        | Found a blossoming altar of Fedhas.
   332 | D        | Found an opulent altar of Gozag.
   333 | D        | Found a hazy altar of Hepliaklqana.
   334 | D        | Found a viscous altar of Jiyva.
   335 | D        | Found an ancient bone altar of Kikubaaqudgha.
   336 | D        | Found a corrupted altar of Lugonu.
   337 | D        | Found a burning altar of Makhleb.
   338 | D        | Found a sparkling altar of Nemelex Xobeh.
   339 | D        | Found an iron altar of Okawaru.
   340 | D        | Found a stormy altar of Qazlal.
   341 | D        | Found a sacrificial altar of Ru.
   342 | D        | Found a shimmering blue altar of Sif Muna.
   343 | D        | Found a bloodstained altar of Trog.
   344 | D        | Found a hide-covered altar of Uskayaw.
   345 | D        | Found a radiant altar of Vehumet.
   346 | D        | Found an ornate altar of the Wu Jian Council.
   347 | D        | Found a shimmering altar of Xom.
   348 | D        | Found a basalt altar of Yredelemnul.
   349 | D        | Found a glowing silver altar of Zin.
   350 | D        | Found a glowing golden altar of the Shining One.
   358 | D        | Became a worshipper of the Shining One
   398 | D        | Reached * piety under the Shining One
   398 | D        | Noticed a centaur
   402 | D        | Killed a centaur
   403 | D        | Reached skill level 5 in Axes
   403 | D        | Reached skill level 5 in Shields
   403 | D        | Reached XP level 4. HP: 43/52 MP: 4/4
   404 | D        | Reached XP level 5. HP: 51/61 MP: 5/5
   409 | D        | Reached skill level 6 in Axes
   413 | D        | Reached ** piety under the Shining One
   459 | D        | Noticed a two-headed ogre
   459 | D        | Noticed a slime creature
   459 | D        | Noticed a cyclops
   459 | D        | Reached *** piety under the Shining One
   459 | D        | Noticed a centaur warrior
   471 | D        | Killed a centaur warrior
   472 | D        | Reached skill level 9 in Axes
   472 | D        | Reached skill level 5 in Armour
   472 | D        | Reached XP level 6. HP: 38/76 MP: 6/6
   472 | D        | Reached XP level 7. HP: 41/83 MP: 7/7
   472 | D        | Reached XP level 8. HP: 46/92 MP: 8/8
   480 | D        | Killed a cyclops
   481 | D        | Reached skill level 10 in Fighting
   481 | D        | Reached skill level 10 in Axes
   484 | D        | Killed a slime creature
   489 | D        | Killed a two-headed ogre
   490 | D        | Reached skill level 11 in Axes
   490 | D        | Reached XP level 9. HP: 20/105 MP: 9/12
   912 | D        | Noticed a six-headed hydra
   912 | D        | Noticed a cane toad
   912 | D        | Reached **** piety under the Shining One
   912 | D        | Noticed a rime drake
   919 | D        | Reached skill level 5 in Invocations
  1294 | D        | Killed a rime drake
  1323 | D        | Killed a cane toad
  1324 | D        | Reached skill level 12 in Axes
  1520 | D        | Killed a six-headed hydra
  1521 | D        | Reached XP level 10. HP: 93/117 MP: 13/15
  1696 | D        | Noticed a six-headed hydra
  1696 | D        | Reached ***** piety under the Shining One
  1696 | D        | Noticed a seven-headed hydra
  1696 | D        | Noticed a cane toad
  1840 | D        | Killed a ten-headed hydra
  1840 | D        | HP: 5/117 [shot self (7)]
  1841 | D        | Reached skill level 13 in Axes
  2255 | D        | Killed a cane toad
  2556 | D        | Killed a six-headed hydra
  3152 | D        | Noticed a five-headed hydra
  3155 | D        | Reached skill level 14 in Axes
  3168 | D        | Killed a five-headed hydra
  3169 | D        | Reached skill level 10 in Dodging
  3169 | D        | Reached XP level 11. HP: 66/128 MP: 17/17
  3401 | D        | Reached ****** piety under the Shining One
  3515 | D        | Noticed Erolcha
  3522 | D        | Killed Erolcha
  3523 | D        | Reached skill level 15 in Axes
  3681 | D        | Reached skill level 10 in Invocations
  3681 | D        | Noticed an orc knight
  3699 | D        | Killed an orc knight
  3728 | D        | Found Yceug's Weapon Boutique.
  3728 | D        | Noticed an orc high priest
  3728 | D        | Noticed an orc sorcerer
  3734 | D        | Killed an orc sorcerer
  3735 | D        | Noticed a sun demon
  3742 | D        | Noticed a sixfirhy
  3749 | D        | Noticed an orc knight
  3750 | D        | Killed an orc high priest
  3773 | D        | Killed an orc knight
  3774 | D        | Reached skill level 15 in Fighting
  3775 | D        | Noticed an orc high priest
  3781 | D        | Killed an orc high priest
  4004 | D        | Found Ydummem's Jewellery Shop.
  4008 | D        | Found Miygab's Antique Armour Boutique.
  4012 | D        | Found Liufutumn's Antique Armour Shop.
  4016 | D        | Noticed an orc sorcerer
  4018 | D        | Noticed an orc sorcerer
  4022 | D        | Killed an orc sorcerer
  4027 | D        | Killed an orc sorcerer
  4028 | D        | Reached skill level 16 in Axes
  4028 | D        | Reached skill level 10 in Armour
  4040 | D        | Bought an embroidered robe for 81 gold pieces
  4293 | D        | Noticed a six-headed hydra
  4293 | D        | Noticed a boulder beetle
  4293 | D        | Noticed a deep elf mage
  4295 | D        | Noticed a cyclops
  4300 | D        | Noticed an ice dragon
  4302 | D        | Killed a deep elf mage
  4303 | D        | Reached XP level 12. HP: 114/143 MP: 20/20
  4496 | D        | Noticed a deep troll earth mage
  4502 | D        | Killed a boulder beetle
  4508 | D        | Killed a six-headed hydra
  4512 | D        | Noticed a fire dragon
  4513 | D        | Noticed a tengu warrior
  4522 | D        | Killed an ice dragon
  4530 | D        | Noticed an ettin
  4531 | D        | Killed a deep troll earth mage
  4539 | D        | Killed a fire dragon
  4568 | D        | Killed a tengu warrior
  4571 | D        | Killed an ettin
  4719 | D        | Noticed a great orb of eyes
  4726 | D        | Killed a great orb of eyes
  4762 | D        | Noticed an ettin
  4771 | D        | Killed an ettin
  4772 | D        | Reached skill level 17 in Axes
  4911 | D        | Noticed a merfolk impaler
  4965 | D        | Killed a merfolk impaler
  5560 | D        | Noticed a merfolk javelineer
  5603 | D        | Killed a merfolk javelineer
  5980 | D        | Noticed an entropy weaver
  5981 | D        | Noticed an emperor scorpion
  5989 | D        | Killed an entropy weaver
  5997 | D        | The Shining One protects you from harm!
  5997 | D        | HP: 3/146 [emperor scorpion (11)]
  5998 | D        | Slain by an emperor scorpion

Illustrated notes

Levels and vault maps discovered:
D:        linesprint [early_d, line_temple, items_1, d_10, items_2, lair_1,
          lair_end, items_3, orc_1, orc_end, items_4, d_15, swamp_1, shoals_1,
          snake_1, spider_1, d_20, vaults_1, items_5, swamp_end, shoals_end,
          snake_end, spider_end, vaults_end, d_27, items_6, zot_1, zot_end,
          crypt_end, forest_end, elf_end, slime_end, tomb_end, abyss_end,
          pan_hell_end]

Skill      XL: |  1  2  3  4  5  6  7  8  9 10 11 12 |
---------------+-------------------------------------+-----
Shields        | 3 5 8 9 |  9.0
Dodging        | 3 4 6 7 9 10 11 12 | 12.6
Axes           | 3 5 9 11 12 14 16 17 | 17.9
Armour         | 1 2 5 6 7 8 10 11 | 11.3
Fighting       | 5 6 9 11 12 13 15 16 | 16.9
Invocations    | 4 6 8 11 12 | 12.7

Action                   |  1- 3 |  4- 6 |  7- 9 | 10-12 || total
-------------------------+-------+-------+-------+-------++-------
Melee: War axe           |    32 |       |       |       ||    32
       Broad axe         |     4 |    21 |    40 |   220 ||   285
       Dire flail        |       |       |       |    12 ||    12
Invok: Cleansing Flame   |       |       |     2 |     1 ||     3
       Summon Divine War |       |       |       |     6 ||     6
Evoke: Wand              |       |       |     6 |     4 ||    10
  Use: Potion            |     1 |     1 |     2 |     1 ||     5
       Scroll            |       |       |     1 |     1 ||     2
Armor: Robe              |     4 |     8 |     8 |    29 ||    49
Dodge: Dodged            |    14 |     9 |    20 |    93 ||   136
Block: Kite shield       |    11 |    12 |    19 |    91 ||   133

Table legend: (Time is in decaauts)
 A = Elapsed time spent in this place.
 B = Non-inter-level travel time spent in this place.
 C = Inter-level travel time spent in this place.
 D = Time resting spent in this place.
 E = Time spent auto-exploring this place.
 F = Levels seen in this place.
 G = Mean time per level.
                   A        B        C        D        E       F      G
               +--------+--------+--------+--------+--------+-----+--------+
         Total |   6016 |   5996 |     20 |   2261 |   2473 |   1 | 6016.0 |
       Dungeon |   6016 |   5996 |     20 |   2261 |   2473 |   1 | 6016.0 |
               +--------+--------+--------+--------+--------+-----+--------+

Top non-repeatable levels by time:
       D: 6016 daAuts
